 Dungeon Crawl Stone Soup version 0.27.0-1-g7a089689b8 (webtiles) character file.

Game seed: 16799700714271414623

4015 pkoi the Carver (level 10, 0/86 (88) HPs)
             Began as a Minotaur Monk on Aug 10, 2021.
             Was a High Priest of Okawaru.
             Slain by an 11-headed hydra (5 damage)
             ... on level 7 of the Dungeon.
             The game lasted 00:10:52 (7896 turns).

pkoi the Carver (Minotaur Monk)                     Turns: 7896, Time: 00:10:52

HP:   0/86 (88)     AC: 12    Str: 26    XL:     10   Next: 3%
MP:   4/11          EV: 20    Int:  7    God:    Okawaru [*****.]
Gold: 288           SH:  0    Dex: 12    Spells: 9/9 levels left

rFire    + . .     SeeInvis .   a - +0 great sword (spect)
rCold    + + .     Faith    .   (shield currently unavailable)
rNeg     . . .     Spirit   .   j - +2 ring mail {rC+}
rPois    .         Reflect  .   (helmet restricted)
rElec    .         Harm     .   f - scarf {rC+ rF+}
rCorr    .         Rampage  .   r - +0 pair of gloves
Will     .....                  g - +0 pair of boots
Stlth    +++.......             (no amulet)
HPRegen  0.24/turn              e - +6 ring of strength
MPRegen  0.12/turn              t - +4 ring of evasion

@: heroic, finesse-ful, lightly drained
A: horns 2, retaliatory headbutt
a: Renounce Religion, Heroism, Finesse


You were on level 7 of the Dungeon.
You worshipped Okawaru.
Okawaru was extremely pleased with you.
You visited 2 branches of the dungeon, and saw 9 of its levels.

You collected 387 gold pieces.
You spent 99 gold pieces at shops.

Inventory:

Hand Weapons
 a - a +0 spectral great sword (weapon)
 b - a +0 shortbow
 x - a +0 falchion
 y - a +0 long sword
Missiles
 d - 23 boomerangs (quivered)
 k - 102 arrows
 n - 2 javelins
 u - 3 throwing nets
Armour
 f - a scarf of resistance (worn)
 g - a +0 pair of boots (worn)
 j - a +2 ring mail of cold resistance (worn)
 r - a +0 pair of gloves (worn)
Jewellery
 e - a +6 ring of strength (left hand)
 t - a +4 ring of evasion (right hand)
Scrolls
 h - 2 scrolls of identify
 i - 3 scrolls of magic mapping
 l - a scroll of brand weapon
 v - a scroll of teleportation
 w - a scroll of holy word
Potions
 c - 2 potions of might
 m - a potion of brilliance
 o - a potion of cancellation
 p - 4 potions of curing
 q - a potion of magic
 s - a potion of heal wounds


   Skills:
 + Level 7.9(12.9) Fighting
 * Level 10.8(15.8) Long Blades
 + Level 4.6(9.6) Bows
 + Level 6.6(11.6) Armour
 + Level 7.2(12.2) Dodging
 - Level 1.5(6.5) Stealth
 + Level 3.9 Invocations


You had 9 spell levels left.
You didn't know any spells.
Your spell library contained the following spells:

 Spells                   Type           Power      Damage    Failure   Level
 Apportation              Tloc           0%         N/A       54%         1
 Ozocubu's Armour         Ice            0%         N/A       88%         3
 Animate Dead             Necr           0%         N/A       99%         4
 Alistair's Intoxication  Tmut/Pois      0%         N/A       100%        5
 Invisibility             Hex            0%         N/A       100%        6
 Haunt                    Necr/Summ      0%         N/A       100%        7
 Ozocubu's Refrigeration  Ice            0%         4d5       100%        7
 Infestation              Necr           0%         N/A       100%        8


Dungeon Overview and Level Annotations

Branches:
Dungeon (8/15)             Temple (1/1) D:4
   Lair: D:8-11

Altars:
Ashenzari
Cheibriados
Dithmenos
Elyvilon
Fedhas
Gozag
Hepliaklqana
Kikubaaqudgha
Makhleb
Nemelex Xobeh
Okawaru
Qazlal
Ru
Sif Muna
Trog
Uskayaw
Vehumet
Wu Jian
Xom
Yredelemnul
Zin
The Shining One

Shops:
D:2 [   D:5 !


Innate Abilities, Weirdness & Mutations

You have a pair of horns on your head.
You reflexively headbutt those who attack you in melee.


Message History

The seven-headed hydra closely misses you.
The seven-headed hydra barely misses you.
The seven-headed hydra bites you.
The seven-headed hydra barely misses you.
The seven-headed hydra bites you.
You lop one of the seven-headed hydra's heads off!
The six-headed hydra grows two more!
You hit the eight-headed hydra.
The eight-headed hydra is lightly wounded.
Unknown command.
You lop one of the eight-headed hydra's heads off!
The seven-headed hydra grows two more!
You hit the nine-headed hydra.
Your headbutt misses the nine-headed hydra.
The nine-headed hydra is lightly wounded.
Unknown command.
You slice one of the nine-headed hydra's heads off!
The eight-headed hydra grows two more!
You slice the ten-headed hydra!! You headbutt the ten-headed hydra.
The ten-headed hydra is heavily wounded.
The ten-headed hydra bites you.
The ten-headed hydra bites you but does no damage. x2
The ten-headed hydra misses you. The ten-headed hydra barely misses you.
The ten-headed hydra bites you!
* * * LOW HITPOINT WARNING * * *
The ten-headed hydra barely misses you. The ten-headed hydra bites you.
* * * LOW HITPOINT WARNING * * *
The ten-headed hydra bites you but does no damage.
The ten-headed hydra completely misses you.
Unknown command.
Unknown command.
You barely miss the ten-headed hydra.
The ten-headed hydra is heavily wounded.
Unknown command.
You chop one of the ten-headed hydra's heads off!
The nine-headed hydra grows two more!
You slash the 11-headed hydra! You headbutt the 11-headed hydra.
The 11-headed hydra is severely wounded.
The 11-headed hydra closely misses you. The 11-headed hydra bites you!
* * * LOW HITPOINT WARNING * * *
The 11-headed hydra bites you.
You die...

# #####.#.###...# #.....# #
#.#.......### #.....#
#####.###.......# #.....#
#.......#.#..##.# #.....#
####.###.#.#.#..##.#####.....##
......#...............##......#
####....##.#.###.#.##.#.......#
#.......#.......##.#.#...#.#
#############@##.....>.....###
#D##.#.#..........
#.##[#[#.......###
#....>.#.......#
####.###.......# #..# ##.....##
#.## #.......# #.# #.......#
#.# #.......#


You could see a 11-headed hydra.

Vanquished Creatures
  Harold (D:7)
  Pikel (D:7)
  Joseph (D:7)
  Maggie (D:7)
  Menkaure (D:7)
  An ice beast (D:4)
  2 necrophages
  2 ogres
  A centaur (D:6)
  A phantom (D:6)
  Blork the orc (D:6)
  A bullfrog (D:7)
  2 gnoll sergeants (D:6)
  A wyvern zombie (D:8)
  2 scorpions
  A wyvern skeleton (D:4)
  A water moccasin skeleton (D:6)
  4 wights
  A vampire bat (D:6)
  2 centaur zombies
  3 hounds
  2 jellies
  An orc priest (D:4)
  A gnoll shaman (D:7)
  6 iguanas
  Terence (D:2)
  4 orc wizards
  A scorpion zombie (D:5)
  A hound skeleton (D:4)
  8 gnolls
  A howler monkey skeleton (D:6)
  8 adders
  A shadow imp (D:6)
  A white imp (D:7)
  An ufetubus (D:5)
  2 worms
  3 dart slugs
  16 orcs
  4 endoplasms
  4 giant cockroaches
  2 hobgoblins
  7 jackals
  2 quokkas
  4 ball pythons
  9 bats
  5 frilled lizards
  6 goblins
  6 kobolds
  5 rats
143 creatures vanquished.

Vanquished Creatures (others)
  A fungus (D:1)
  3 plants (D:1)
4 creatures vanquished.

Grand Total: 147 creatures vanquished

Notes
Turn   | Place    | Note
-------+----------+-------------------------------------------
     0 | D:1      | pkoi the Minotaur Monk began the quest for the Orb.
     0 | D:1      | Reached XP level 1. HP: 19/19 MP: 0/0
   522 | D:1      | Found a faded altar of an unknown god.
   720 | D:2      | Reached skill level 4 in Long Blades
   829 | D:2      | Reached XP level 2. HP: 22/26 MP: 1/1
   931 | D:2      | Noticed Terence
   984 | D:2      | Found Koochue's Antique Armour Shop.
  1348 | D:2      | Reached XP level 3. HP: 33/33 MP: 2/2
  1477 | D:2      | Reached skill level 5 in Long Blades
  1477 | D:2      | Reached skill level 1 in Armour
  1844 | D:3      | Reached XP level 4. HP: 38/40 MP: 3/3
  2571 | D:3      | Reached XP level 5. HP: 23/47 MP: 4/4
  2755 | D:4      | Reached skill level 6 in Long Blades
  2900 | D:4      | Found a staircase to the Ecumenical Temple.
  2914 | D:4      | Noticed an ogre
  2914 | D:4      | Noticed an ice beast
  2923 | Temple   | Entered the Ecumenical Temple
  3150 | Temple   | Became a worshipper of Warmaster Okawaru
  3150 | Temple   | Reached * piety under Okawaru
  3150 | Temple   | Reached ** piety under Okawaru
  3167 | D:4      | Killed an ogre
  3168 | D:4      | Reached XP level 6. HP: 20/55 MP: 5/5
  3383 | D:4      | Killed an ice beast
  3384 | D:4      | Reached skill level 5 in Fighting
  3414 | D:4      | Reached skill level 7 in Long Blades
  3503 | D:4      | Reached XP level 7. HP: 61/61 MP: 6/6
  3990 | D:5      | Entered Level 5 of the Dungeon
  4083 | D:5      | Found Poacs's Distillery.
  4086 | D:5      | Bought a potion of mutation for 88 gold pieces
  4086 | D:5      | Bought a potion of degeneration for 11 gold pieces
  4244 | D:5      | Reached skill level 5 in Dodging
  4817 | D:2      | Killed Terence
  4818 | D:2      | Reached skill level 8 in Long Blades
  5185 | D:6      | Noticed Blork the orc
  5190 | D:6      | Killed Blork the orc
  5250 | D:6      | Reached skill level 1 in Bows
  5250 | D:6      | Reached XP level 8. HP: 70/70 MP: 7/7
  5307 | D:6      | Reached *** piety under Okawaru
  5592 | D:6      | Noticed a death knight
  6214 | D:7      | Noticed Menkaure
  6223 | D:7      | Killed Menkaure
  6230 | D:7      | Reached skill level 1 in Invocations
  6445 | D:7      | Reached skill level 5 in Armour
  6446 | D:7      | Noticed Joseph
  6456 | D:7      | Killed Joseph
  6457 | D:7      | Reached skill level 9 in Long Blades
  6552 | D:7      | Found a shimmering altar of Xom.
  6582 | D:7      | Noticed Pikel
  6599 | D:7      | Killed Pikel
  6599 | D:7      | Reached **** piety under Okawaru
  6600 | D:7      | Reached XP level 9. HP: 65/79 MP: 9/9
  6677 | D:7      | Noticed Harold
  6686 | D:7      | Killed Harold
  6686 | D:7      | Reached ***** piety under Okawaru
  6687 | D:7      | Reached skill level 10 in Long Blades
  6915 | D:7      | Noticed Maggie
  6931 | D:7      | Killed Maggie
  6931 | D:7      | Received a gift from Okawaru
  7654 | D:8      | Noticed a six-headed hydra
  7732 | D:8      | Reached XP level 10. HP: 77/88 MP: 11/11
  7896 | D:7      | Slain by an 11-headed hydra

Illustrated notes

Levels and vault maps discovered:
D:1:      co_arrival_square_in_a_square_in_a_square, layout_basic,
          shapermc_ecumenical_altar_mp_ritualfount, corexii_leaking_fountain
D:2:      layout_loops_corners, serial_shops, nicolae_shop_statue_plus,
          minmay_close_crescents, uniq_terence
D:3:      layout_rooms
D:4:      layout_cave_pools, minmay_temple_entry_antechambers
D:5:      layout_basic, serial_shops, kennysheep_mini_moat,
          minmay_stone_trees_small
D:6:      minmay_diamond_boxcup, layout_basic, roderic_batcave, minmay_holes,
          minmay_small_thing, uniq_blork_the_orc
D:7:      layout_loops_cross, xom_butterflies, hex_large, uniq_harold,
          uniq_maggie, uniq_menkaure, uniq_joseph, uniq_pikel
D:8:      layout_basic, grunt_ministairs_10
Temple:   compressed_dpeg_triangle_lava_temple

Skill      XL: |  1  2  3  4  5  6  7  8  9 |
---------------+----------------------------+-----
Long Blades    | 4 5 6 7 8 9 10 | 10.8
Armour         | 1 2 3 4 5 6 |  6.6
Fighting       | 4 5 7 |  7.9
Dodging        | 4 5 6 7 |  7.2
Bows           | 1 3 4 |  4.6
Invocations    | 2 3 |  3.9
Stealth        | |  1.5

Action                   |  1- 3 |  4- 6 |  7- 9 | 10-12 || total
-------------------------+-------+-------+-------+-------++-------
Melee: Falchion          |    61 |    87 |   229 |    10 ||   387
       Headbutt          |     9 |    26 |    80 |     5 ||   120
       Punch             |       |     1 |     1 |       ||     2
       Great sword       |       |       |       |     6 ||     6
       Long sword        |       |       |       |     5 ||     5
 Fire: Shortbow          |       |       |    11 |     6 ||    17
Invok: Heroism           |       |     1 |     5 |     1 ||     7
       Finesse           |       |       |       |     1 ||     1
  Use: Scroll            |     8 |     1 |     4 |     1 ||    14
       Potion            |       |       |     5 |     2 ||     7
 Stab: Sleeping          |     2 |       |       |       ||     2
Armor: Ring mail         |    17 |    41 |    70 |    14 ||   142
       Robe              |     1 |       |       |       ||     1
Dodge: Dodged            |    38 |    56 |   145 |    37 ||   276
       Rpst.: Falchion   |    18 |    11 |    32 |     2 ||    63
       Long sword        |       |       |       |     1 ||     1
